 Dungeon Crawl Stone Soup version 0.22.1-1-ga44c0e56f4 (webtiles) character file.

229 Kaderl the Cudgeler (level 6, 0/53 HPs)
             Began as a Hill Orc Fighter on Sept 30, 2018.
             Slain by an adder (4 damage)
             ... on level 3 of the Dungeon.
             The game lasted 00:06:29 (1811 turns).

Kaderl the Cudgeler (Hill Orc Fighter)              Turns: 1811, Time: 00:06:29

Health: 0/53       AC:  7    Str: 21    XL:     6   Next: 3%
Magic:  6/6        EV:  8    Int:  8    God:
Gold:   82         SH:  9    Dex: 10    Spells: 5/5 levels left

rFire    . . .     SeeInvis .   a - +0 flail
rCold    . . .     Gourm    .   c - +0 shield
rNeg     . . .     Faith    .   b - +0 scale mail
rPois    .         Spirit   .   (no helmet)
rElec    .         Reflect  .   (no cloak)
rCorr    .         Harm     .   (no gloves)
MR       .....                  (no boots)
Stlth    ..........             (no amulet)
HPRegen  0.17/turn              (no ring)
MPRegen  0.10/turn              (no ring)

@: lethally poisoned (0 -> -5)
A: no striking features
a: no special abilities


You were on level 3 of the Dungeon.
You were not hungry.

You visited 1 branch of the dungeon, and saw 4 of its levels.

You collected 82 gold pieces.

Inventory:

Hand Weapons
 a - a +0 flail (weapon)
Armour
 b - a +0 scale mail (worn)
 c - a +0 shield (worn)
Scrolls
 h - a scroll of fog {unknown}
 j - a scroll of enchant weapon {unknown}
 n - a scroll of random uselessness {unknown}
 o - a scroll of remove curse {unknown}
 p - a scroll of noise {unknown}
 q - a scroll of amnesia {unknown}
Potions
 d - a potion of might
 g - a potion of haste {unknown}
 i - a potion of flight {unknown}
 k - a potion of brilliance {unknown}
 l - a potion of curing {unknown}
 m - a potion of lignification {unknown}
Comestibles
 f - 7 rations


   Skills:
 + Level 4.4 Fighting
 + Level 4.4 Maces & Flails
 + Level 4.3 Armour
 + Level 0.8 Dodging
 + Level 4.3 Shields


You had 5 spell levels left.
You didn't know any spells.
Your spell library contained the following spells:

 Spells                   Type           Power        Failure   Level  Hunger
 Confusing Touch          Hex            #.....       99%         1    ##.....
 Confuse                  Hex            #.......     100%        3    ####...
 Gell's Gravitas          Tloc           #.........   100%        3    ####...
 Petrify                  Tmut/Erth      #.......     100%        4    #####..
 Metabolic Englaciation   Hex/Ice        #.........   100%        5    ######.
 Yara's Violent Unravell  Hex/Tmut       #.........   100%        5    ######.


Dungeon Overview and Level Annotations

Branches:
Dungeon (4/15)
 Temple: D:4-7

Altars:
Elyvilon
Fedhas
Okawaru

Annotations:
D:3 Cykl0x's ghost, amateur DsFi


Message History

The bullfrog is almost dead.
The bullfrog hits you.
* * * LOW HITPOINT WARNING * * *
The bullfrog hits you.
* * * LOW HITPOINT WARNING * * *
You hit the bullfrog.
You kill the bullfrog!
You have reached level 6!
Your experience leads to an increase in your attributes!
Increase (S)trength, (I)ntelligence, or (D)exterity?
You feel stronger. The adder bites you.
* * * LOW HITPOINT WARNING * * *
You are more poisoned.
The adder poisons you! The adder bites you.
* * * LOW HITPOINT WARNING * * *
You closely miss the adder.
* * * LOW HITPOINT WARNING * * *
You feel sick. The adder bites you.
You die...

#. #≈# ###. #$# #....#≈###
#....#≈#.# ....#≈#.######
#..#W#......#
#.#####..#S#.####.# ## ..
..###..@..# #.# ..#. #.#
####### #.# #.#.##.###
#.####### #... ....########
#.......# #... #.#.##.....#
#.#.###.# #...##.#.##.....#
#$#.###.# #[..)...........#
#[#..##.# ##.##)##.##..>..#
#.##.##.#
#.##.##)##.##...).###.##.##.#


You could see Cykl0x's ghost and an adder.

Vanquished Creatures
  A bullfrog (D:3)
  An orc priest (D:3)
  An orc wizard (D:3)
  3 adders
  3 dart slugs
  A worm (D:2)
  5 orcs
  2 giant cockroaches (D:2)
  12 goblins
  6 hobgoblins
  2 jackals (D:1)
  6 kobolds
  2 ball pythons
  8 bats
  7 frilled lizards
  12 rats
72 creatures vanquished.

Notes
Turn   | Place    | Note
-------+----------+-------------------------------------------
     0 | D:1      | Kaderl the Hill Orc Fighter began the quest for the Orb.
     0 | D:1      | Reached XP level 1. HP: 19/19 MP: 1/1
   127 | D:1      | Reached XP level 2. HP: 25/27 MP: 2/2
   407 | D:1      | Reached XP level 3. HP: 20/33 MP: 3/3
   844 | D:2      | Found a white marble altar of Elyvilon.
   915 | D:2      | Found a blossoming altar of Fedhas.
   961 | D:2      | Reached XP level 4. HP: 35/40 MP: 4/4
  1387 | D:3      | Found an iron altar of Okawaru.
  1443 | D:3      | Reached XP level 5. HP: 5/46 MP: 5/5
  1774 | D:3      | Found a runed door.
  1779 | D:3      | Noticed Cykl0x's ghost (amateur DsFi)
  1810 | D:3      | Reached XP level 6. HP: 9/53 MP: 6/6
  1811 | D:3      | Slain by an adder

Skill      XL: |  1  2  3  4  5 |
---------------+----------------+-----
Fighting       | 4 |  4.4
Maces & Flails | 3 4 |  4.4
Armour         | 4 |  4.3
Shields        | 4 |  4.3
Dodging        | |  0.8

Action                   |  1- 3 |  4- 6 || total
-------------------------+-------+-------++-------
Melee: Flail             |   158 |   116 ||   274
  Use: Scroll            |       |     1 ||     1
  Eat: Ration            |       |     1 ||     1
Armor: Scale mail        |    89 |    60 ||   149
Dodge: Dodged            |    70 |    30 ||   100
Block: Shield            |   108 |    60 ||   168
